General information
- name: BNet
- type: Ladder 1vs1/FFA
- host: Battle.net
- saver: Zipperheads
map: CentaurGrove
- players: 2
- length: 17:05
- speed: Fast
- version: 1.26 W3XP
- replay type: Public
» download(57 KB)
Players
team 1 (winner)
Zipperheads (
teal | 66 APM | 1135 actions | 17:05)
4 Blood Mage
2 Flame Strike
2 Siphon Mana
» actions
| Assign group hotkey | 145 | |
| Basic commands | 17 | |
| Build / train | 78 | |
| Enter build submenu | 46 | |
| Enter hero's abilities submenu | 4 | |
| Give item / drop item | 4 | |
| Remove unit from queue | 3 | |
| Right click | 378 | |
| Select / deselect | 262 | |
| Select group hotkey | 100 | |
| Use ability | 98 | |
1135 total
» units
| Peasant | 13 | |
| Footman | 4 | |
| Sorceress | 4 | |
| Mortar Team | 3 | |
24 total
» upgrades
| Lumber Harvesting | 2 | |
| Sorceress Training | 1 | |
| Masonry | 2 | |
| Magic Sentry | 1 | |
| Gunpowder | 1 | |
| Armor | 1 | |
| Flare | 1 | |
9 total
» buildings
| Altar of Kings | 1 | |
| Barracks | 1 | |
| Farm | 8 | |
| Scout Tower | 21 | |
| Arcane Tower | 4 | |
| Arcane Vault | 1 | |
| Lumber Mill | 1 | |
| Keep | 1 | |
| Guard Tower | 10 | |
| Town Hall | 1 | |
| Arcane Sanctum | 1 | |
| Castle | 1 | |
| Blacksmith | 1 | |
| Workshop | 3 | |
55 total
» build order
00:35 Altar of Kings
00:36 Barracks
01:03 Farm
01:05 Farm
01:06 Farm
01:20 Scout Tower
01:29 Farm
02:07 Arcane Tower
02:12 Farm
02:48 Arcane Vault
03:29 Lumber Mill
03:54 Keep
04:01 Scout Tower
04:03 Scout Tower
04:05 Scout Tower
04:38 Guard Tower
05:27 Scout Tower
05:28 Scout Tower
05:28 Scout Tower
05:32 Scout Tower
06:06 Guard Tower
06:21 Guard Tower
06:23 Town Hall
06:26 Scout Tower
06:26 Scout Tower
06:26 Scout Tower
06:31 Arcane Sanctum
06:34 Scout Tower
06:39 Farm
06:45 Scout Tower
06:47 Scout Tower
07:14 Scout Tower
07:18 Arcane Tower
07:20 Guard Tower
07:23 Guard Tower
07:46 Guard Tower
07:49 Scout Tower
08:31 Guard Tower
08:39 Guard Tower
08:42 Guard Tower
09:25 Scout Tower
10:58 Castle
11:26 Blacksmith
11:29 Arcane Tower
11:50 Scout Tower
13:10 Arcane Tower
13:12 Workshop
13:15 Workshop
13:16 Workshop
14:11 Farm
14:12 Farm
14:22 Scout Tower
14:23 Scout Tower
14:25 Scout Tower
15:19 Guard Tower
» items
| Scroll of Regeneration | 2 | |
| Lesser Clarity Potion | 4 | |
| Boots of Speed | 1 | |
| Periapt of Vitality | 1 | |
| Staff of Teleportation | 1 | |
| Potion of Invisibility | 4 | |
| Potion of Lesser Invulnerability | 2 | |
| Potion of Healing | 3 | |
| Potion of Mana | 3 | |
21 total
team 2 (loser)
sahwa (
purple | 132 APM | 2248 actions | 17:03)
3 Blademaster
2 Critical Strike
1 Wind Walk
3 Shadow Hunter
2 Healing Wave
1 Hex
» actions
| Assign group hotkey | 21 | |
| Basic commands | 95 | |
| Build / train | 48 | |
| ESC pressed | 2 | |
| Enter build submenu | 13 | |
| Enter hero's abilities submenu | 7 | |
| Give item / drop item | 3 | |
| Remove unit from queue | 1 | |
| Right click | 635 | |
| Select / deselect | 435 | |
| Select group hotkey | 958 | |
| Use ability | 28 | |
2248 total
» units
| Peon | 13 | |
| Tauren | 5 | |
| Shaman | 1 | |
| Troll Witch Doctor | 3 | |
22 total
» upgrades
| Armor | 2 | |
| Shaman Training | 2 | |
| Pulverize | 1 | |
| Witch Doctor Training | 2 | |
7 total
» buildings
| Altar of Storms | 1 | |
| Orc Burrow | 6 | |
| War Mill | 1 | |
| Stronghold | 1 | |
| Voodoo Lounge | 1 | |
| Fortress | 1 | |
| Spirit Lodge | 1 | |
| Tauren Totem | 1 | |
| Watch Tower | 1 | |
14 total
» build order
00:07 Altar of Storms
00:19 Orc Burrow
01:31 War Mill
02:12 Stronghold
02:20 Voodoo Lounge
04:33 Fortress
05:10 Orc Burrow
06:39 Spirit Lodge
07:08 Tauren Totem
08:07 Orc Burrow
08:26 Orc Burrow
10:46 Orc Burrow
13:25 Watch Tower
15:09 Orc Burrow
» items
| Healing Salve | 2 | |
| Boots of Speed | 1 | |
| Circlet of Nobility | 1 | |
| Orb of Lightning | 1 | |
| Staff of Teleportation | 1 | |
6 total
Chat log
(00:42 / All) Zipperheads: a dingo ate my baby!
(00:57 / All) Zipperheads: (I fed it to the dingo don't tell)